AoeStats
← [AFTM] manimues

Highland

505374861Analyzed
4v4 RM · 23d ago on Sep 9, 2026· 26m 54s· 8 players
Game mode
Random Map
Map size
Large (8 player)
Population
200
Speed
Normal
Resources
Standard
Victory
Conquest
Starting age
Dark Age
Ending age
Imperial Age
RankedLock teamsTeams togetherTeam positionsShared explorationLock speedFull tech treeHidden civsTurbo modeCheats
Victory
Defeat
🇨🇱 Romans · Chile
1384
+11
1349
+13
🇨🇱 Franks · Chile
1251
+17
🇨🇱 Turks · Chile
1041
+25
🇺🇸 Britons · United States
1285
-17
🇬🇧 Persians · United Kingdom
1284
-17
🇦🇷 Mapuche · Argentina
1250
-16
🇨🇳 Celts · China
1248
-16
Bubbs
seba_aof
10:37 Feudal Age
13:05 Loom
16:53 Fletching
17:55 Padded Archer Armor
Fs.Caboclo
野象
AiM | Mantequilla de Mani
7:25 Loom
9:36 Feudal Age
12:22 Man-at-Arms
13:12 Arson
14:28 Forging
21:39 Castle Age
AiM | BetaWolf
10:30 Feudal Age
11:11 Loom
15:19 Castle Age
13:08 Double-Bit Axe
13:18 Horse Collar
15:11 Bloodlines
15:39 Scale Barding Armor
17:29 Gold Mining
19:10 Heavy Plow
21:40 Chain Barding Armor
22:28 Wheelbarrow
22:05 Bow Saw
23:06 Forging
23:34 Husbandry
[AFTM] PIPE FLAWERS
8:28 Loom
11:05 Feudal Age
17:11 Castle Age
16:16 Gold Mining
16:47 Double-Bit Axe
18:07 Fletching
23:49 Bodkin Arrow
26:37 Wheelbarrow
26:18 Padded Archer Armor
[AFTM] manimues
10:42 Feudal Age
15:13 Castle Age
14:38 Double-Bit Axe
15:38 Forging
20:36 Scale Barding Armor
24:48 Loom
27:12 Husbandry
Connection lost

Rejoining the realm…

Still unreachable

The connection could not be restored.

Session expired

The server has moved on; the page needs a fresh start.